 Dungeon Crawl Stone Soup version 0.27-a0-1149-g4505690ab0 (webtiles) character file.

Game seed: 12023137384597635800

205 Strat the Ducker (level 5, -1/32 HPs)
             Began as a Tengu Enchanter on May 13, 2021.
             Slain by a goblin
             ... wielding a +0 dagger of pain
             ... led by Robin
              (4 damage)
             ... on level 2 of the Dungeon.
             The game lasted 00:06:03 (3440 turns).

Strat the Ducker (Tengu Enchanter)                  Turns: 3440, Time: 00:06:05

Health: -1/32      AC:  7    Str:  9    XL:     5   Next: 83%
Magic:  9/9        EV: 24    Int: 15    God:
Gold:   51         SH:  0    Dex: 15    Spells: 2/8 levels left

rFire    + + .     SeeInvis .   (weapon currently unavailable)
rCold    + + .     Faith    .   (shield currently unavailable)
rNeg     + + +     Spirit   .   (armour currently unavailable)
rPois    ∞         Reflect  .   (helmet currently unavailable)
rElec    +         Harm     .   (cloak currently unavailable)
rCorr    +         Rampage  .   (gloves currently unavailable)
Will     .....                  (boots unavailable)
Stlth    ++........             (amulet currently unavailable)
HPRegen  0.10/turn              (ring currently unavailable)
MPRegen  0.11/turn              (ring currently unavailable)

@: wisp-form, flying quickly and evasively, quick
A: insubstial, flying, no casting, tiny, (beak), (talons 3), nimble flight
a: no special abilities


You were on level 2 of the Dungeon.
You were an insubstantial wisp.
You visited 1 branch of the dungeon, and saw 2 of its levels.

You collected 51 gold pieces.

Inventory:

Hand Weapons
 a - a +1 dagger
 b - a +0 dagger of venom (melded)
Missiles
 d - 18 poisoned darts (quivered)
 e - 141 stones
Armour
 g - a +1 robe (melded)
Magical Staves
 k - a staff of air
Jewellery
 h - a ring of see invisible
 i - a +4 ring of slaying (melded)
 j - a ring of wizardry (melded)
Scrolls
 c - 2 scrolls of enchant armour
 f - a scroll of identify {unknown}
 o - a scroll of immolation {unknown}
Potions
 l - a potion of attraction {unknown}
 m - a potion of mutation {unknown}
 n - a potion of lignification {unknown}


   Skills:
 + Level 2.9 Fighting
 + Level 3.5 Short Blades
 + Level 4.0 Dodging
 - Level 3.0 Stealth
 - Level 2.0 Spellcasting
 - Level 2.1 Hexes


You had 2 spell levels left.
You knew the following spells:

 Your Spells              Type           Power      Damage    Failure   Level
a - Corona                Hex            8%         N/A       9%          1
b - Ensorcelled Hibernat  Hex/Ice        8%         N/A       22%         2
c - Confusing Touch       Hex            8%         N/A       26%         3

Your spell library contained the following spells:

 Spells                   Type           Power      Damage    Failure   Level
 Tukima's Dance           Hex            8%         N/A       26%         3
 Dazzling Flash           Conj/Hex       8%         N/A       38%         3


Dungeon Overview and Level Annotations

Branches:
Dungeon (2/15)

Altars:
Xom

Shops:
D:1 *

Annotations:
D:2 Robin


Innate Abilities, Weirdness & Mutations

You are an insubstantial wisp.
Your tiny insubstantial body is highly resistant to most damage types.
You are flying.
Your equipment is entirely melded.
You are incapable of wielding weapons or throwing items.
You cannot cast spells.
((You have a beak for a mouth.))
((You have claws for feet.))
Your magical nature lets you fly swiftly and evasively.


Message History

You hit the hobgoblin but do no damage.
You claw the hobgoblin, but do no damage.
The hobgoblin hits you!
* * * LOW HITPOINT WARNING * * *
The hobgoblin barely misses you.
Your hands stop glowing.
The hobgoblin no longer looks unusually strong.
As you read the scroll labelled PYCVEG LETIAMP, it crumbles to dust.
It is a scroll of enchant armour.
Your +0 robe glows green for a moment.
The goblin misses you.
The hobgoblin no longer looks unusually strong.
Robin roars a battlecry!
The hobgoblins go into a battle-frenzy!
You hear a shout!
The goblin no longer looks unusually strong.
The goblin misses you.
Robin roars a battlecry!
The goblin goes into a battle-frenzy!
The goblin no longer looks unusually strong.
Robin zaps a wand.
You turn into an insubstantial wisp.
Your +0 dagger of venom melds into your body.
Your +1 robe melds into your body.
Your ring of wizardry melds into your body.
Your +4 ring of slaying melds into your body.
Your +0 dagger of venom stops dripping with poison.
Robin says, "Kneel, worm!"
Robin zaps a wand.
You resist with some effort. Robin misses you.
The hobgoblin no longer looks unusually strong.
Robin roars a battlecry!
The goblins go into a battle-frenzy!
The hobgoblin no longer looks unusually strong.
Robin throws the goblin at you! The goblin closely misses you.
You touch the goblin.
You kill the goblin!
Robin throws the goblin at you!
* * * LOW HITPOINT WARNING * * *
The hobgoblin completely misses you.
The goblin hits you with a +0 dagger of pain.
You die...

.........#..# #.......g#
.####.###..## #........#
..###.# #.## #........#
g..##.# #.# #........#
....#.###.# #........#
..#....##.# #........#
..###..##.# ##.#####.##### ###
#.....# ##..#>#.#.#.#.##
.#####.#))# ###gvggg.........#
.......#..###.....#.#g#.#.#.##
.#######..##..##.........g...#
#####.##.....###..#.#.#.#.#.##
##....##....)................#
...##.....[)####..#.#.#.#.#.##
........#####................#
.##...### #.##..#.#.#.#.#.##
....### #####.##.............#


You could see Robin, 3 hobgoblins and a goblin (strong).

Vanquished Creatures
  A black bear (D:2)
  Jessica (D:2)
  Terence (D:2)
  2 adders (D:2)
  3 bats
  3 endoplasms
  A giant cockroach (D:2)
  7 hobgoblins
  2 jackals (D:1)
  2 quokkas (D:1)
  2 ball pythons
  2 frilled lizards (D:2)
  8 goblins
  4 kobolds (D:2)
  4 rats
43 creatures vanquished.

Notes
Turn   | Place    | Note
-------+----------+-------------------------------------------
     0 | D:1      | Strat the Tengu Enchanter began the quest for the Orb.
     0 | D:1      | Reached XP level 1. HP: 10/10 MP: 4/4
    54 | D:1      | You fall into a shaft and drop 1 floor!
    54 | D:2      | Found a shimmering altar of Xom.
   349 | D:1      | Reached XP level 2. HP: 16/16 MP: 6/6
   720 | D:1      | Found Qampoujoco's General Store.
  1013 | D:1      | Reached skill level 1 in Fighting
  1836 | D:2      | Noticed Jessica
  1884 | D:2      | Killed Jessica
  1885 | D:2      | Reached skill level 3 in Dodging
  1885 | D:2      | Reached XP level 3. HP: 14/20 MP: 7/7
  2068 | D:2      | Noticed a black bear
  2199 | D:2      | Reached XP level 4. HP: 18/26 MP: 8/8
  2382 | D:2      | Learned a level 2 spell: Ensorcelled Hibernation
  2386 | D:2      | Learned a level 3 spell: Confusing Touch
  2550 | D:2      | Noticed Terence
  2584 | D:2      | Killed Terence
  3103 | D:2      | Killed a black bear
  3104 | D:2      | Reached skill level 4 in Dodging
  3104 | D:2      | Gained mutation: Your magical nature lets you fly swiftly
                  | and evasively. [Tengu growth]
  3104 | D:2      | Reached XP level 5. HP: 22/32 MP: 5/9
  3246 | D:2      | Noticed Robin
  3408 | D:2      | HP: 1/32 [hobgoblin[Robin] (7)]
  3440 | D:2      | Slain by a goblin

Illustrated notes

Levels and vault maps discovered:
D:1:      mrwooster_arrival_statue_3, layout_loops_corners, serial_shops,
          nicolae_shop_crystal, minmay_misc_feat_roman
D:2:      minmay_general_purpose_star, layout_rooms, basic_altar, st_stairs_10,
          chequers_serial_rivers_micro_a, minivault_4, uniq_crazy_yiuf_cottage,
          uniq_jessica, uniq_terence, uniq_robin

Skill      XL: |  1  2  3  4 |
---------------+-------------+-----
Fighting       | 1 2 |  2.9
Short Blades   | 2 3 |  3.5
Dodging        | 3 4 |  4.0
Stealth        | |  3.0
Spellcasting   | |  2.0
Hexes          | |  2.1

Action                   |  1- 3 |  4- 6 || total
-------------------------+-------+-------++-------
Melee: Dagger            |    65 |    37 ||   102
       Kick              |     8 |    11 ||    19
       Peck              |     5 |     7 ||    12
       Unarmed           |       |     2 ||     2
Throw: Dart              |     3 |     2 ||     5
 Cast: Confusing Touch   |       |     2 ||     2
  Use: Scroll            |       |     1 ||     1
 Stab: Sleeping          |     5 |     1 ||     6
Armor: Robe              |    11 |     3 ||    14
       Skin              |       |     1 ||     1
Dodge: Dodged            |    40 |    32 ||    72

Table legend: (Time is in decaauts)
 A = Elapsed time spent in this place.
 B = Non-inter-level travel time spent in this place.
 C = Inter-level travel time spent in this place.
 D = Time resting spent in this place.
 E = Time spent auto-exploring this place.
 F = Levels seen in this place.
 G = Mean time per level.
                   A        B        C        D        E       F      G
               +--------+--------+--------+--------+--------+-----+--------+
         Total |   3412 |   3320 |     92 |   1655 |   1095 |   2 | 1706.0 |
       Dungeon |   3412 |   3320 |     92 |   1655 |   1095 |   2 | 1706.0 |
               +--------+--------+--------+--------+--------+-----+--------+

Top non-repeatable levels by time:
     D:1: 1800 daAuts
     D:2: 1612 daAuts
